 Dungeon Sprint DCSS version 0.17.2-1-ge4368a0 (webtiles) character file.

88 mopl the Covert (level 4, -3/33 HPs)
             Began as a Spriggan Assassin on Aug 22, 2016.
             Slain by a human (7 damage)
             ... in the Dungeon (Sprint III: "The Ten Rune Challenge").
             The game lasted 00:01:03 (367 turns).

mopl the Covert (Spriggan Assassin)                  Turns: 367, Time: 00:01:03

Health: -3/33      AC:  4    Str: 12    XL:     4   Next: 29%
Magic:  5/5        EV: 17    Int: 10    God:
Gold:   27         SH:  0    Dex: 18    Spells: 0 memorised, 3 levels left

rFire  . . .     SeeInvis +     a - +2 dagger
rCold  . . .     Clarity  .     c - +0 robe
rNeg   . . .     SustAt   .     (shield restricted)
rPois  .         Gourm    .     (helmet restricted)
rElec  .         Spirit   .     d - +0 cloak
rCorr  .         Warding  .     (gloves unavailable)
rMut   .         NoTele   +     (boots unavailable)
MR     .....                    (no amulet)
Stlth  ..........               (no ring)
                                (no ring)

@: berserking, very quick, not resistant to hostile enchantments, extremely
unstealthy
A: unfitting armour, molten scales 1, see invisible, deterioration 1, dopey 1,
herbivore 3, speed 3, slow metabolism 2, spit poison 1, MP-powered wands
a: Spit Poison


You were in the Dungeon.
You were not hungry.

You visited 1 branch You collected 27 gold pieces.

Inventory:

Hand Weapons
 a - a +2 dagger (weapon)
 b - a +0 blowgun
Missiles
 e - 8 poisoned needles
 f - 2 curare-tipped needles
Armour
 c - a +0 robe (worn)
 d - a +0 cloak (worn)
Scrolls
 m - a scroll of blinking
 o - a scroll of immolation {unknown}
 p - 2 scrolls of identify {unknown}
 q - a scroll of amnesia {unknown}
 u - a scroll of holy word {unknown}
 v - a scroll of remove curse {unknown}
Potions
 h - a potion of curing
 i - a potion of heal wounds
 j - 2 potions of haste
 k - 2 potions of magic
 s - 3 potions of cure mutation {!q}
 t - a potion of flight {unknown}
Comestibles
 g - a bread ration
 r - 2 fruits
 w - a royal jelly


   Skills:
 - Level 1.5 Fighting
 - Level 2.1 Short Blades
 * Level 7.2 Throwing
 - Level 1.5 Dodging
 + Level 9.6 Stealth


You had 3 spell levels left.
You didn't know any spells.

Dungeon Overview and Level Annotations

Branches:
Dungeon (1/1)

Altars:
Okawaru
Trog


Innate Abilities, Weirdness & Mutations

You are tiny and cannot use many weapons and most armour.
You have supernaturally acute eyesight.
You are a herbivore.
You cover ground extremely quickly.
You need consume almost no food.
You are partially covered in molten scales (AC +1).
Your body sometimes deteriorates upon taking damage.
You are dopey. (Int -2)
You can spit weak poison.
You expend magic power (3 MP) to strengthen your wands.


Message History

You are too injured to fight recklessly!
You are too injured to fight recklessly!
You are too injured to fight recklessly!
You are too injured to fight recklessly!
You are too injured to fight recklessly!
You are too injured to fight recklessly!
You are too injured to fight recklessly!
You are too injured to fight recklessly!
You are too injured to fight recklessly!
You are too injured to fight recklessly!
You are too injured to fight recklessly!
You are too injured to fight recklessly!
You hit the human.
The human is lightly wounded.
The human hits you.
* * * LOW HITPOINT WARNING * * *
You hit the human.
The human is moderately wounded.
The human barely misses you. The human hits you!
You die...

▓▓▓▓ ▓▓▓ ...♣♣♣ ♣.#
##### ...♣.♣ ♣.# #__p#
....♣♣ ♣.# #.@p#
...≈.♣♣♣♣.###+#'###+##
..≈≈♣...♣.#..........#
.≈≈≈≈♣....'.⌠........#
.≈≈≈≈≈≈.♣.#...######+#
≈≈≈≈≈≈....#.⌠.#
≈≈≈≈≈.....#...#
≈≈≈.......#+###
..........#


You could see 2 humans.

Vanquished Creatures
  A water elemental (D)
  A human (D)
  A phantom (D)
  4 rats (D)
7 creatures vanquished.

Vanquished Creatures (others)
  2 draconian scorchers (D)
  A yaktaur (D)
3 creatures vanquished.

Grand Total: 10 creatures vanquished

Notes
Turn   | Place    | Note
--------------------------------------------------------------
     0 | D        | mopl the Spriggan Assassin began the quest for the Orb.
     0 | D        | Reached XP level 1. HP: 10/10 MP: 2/2
     6 | D        | Reached skill level 6 in Stealth
    53 | D        | Killed a yaktaur
   109 | D        | Reached skill level 3 in Throwing
   130 | D        | Reached skill level 4 in Throwing
   130 | D        | Reached skill level 7 in Stealth
   130 | D        | Reached XP level 2. HP: 14/14 MP: 3/3
   167 | D        | Reached skill level 5 in Throwing
   249 | D        | Killed a white draconian scorcher
   258 | D        | Killed a white draconian scorcher
   332 | D        | Gained mutation: Your body sometimes deteriorates upon taking damage. [potion of mutation]
   332 | D        | Gained mutation: You are dopey. (Int -2) [potion of mutation]
   332 | D        | Gained mutation: You are partially covered in molten scales (AC +1). [potion of mutation]
   333 | D        | Gained mutation: You can spit weak poison. [potion of mutation]
   333 | D        | Gained mutation: You expend magic power (3 MP) to strengthen your wands. [potion of mutation]
   347 | D        | Noticed a water elemental
   350 | D        | Killed a water elemental
   350 | D        | Reached skill level 7 in Throwing
   350 | D        | Reached skill level 9 in Stealth
   350 | D        | Reached XP level 3. HP: 18/18 MP: 4/4
   350 | D        | Reached XP level 4. HP: 22/22 MP: 5/5
   356 | D        | Found an iron altar of Okawaru.
   357 | D        | Found a bloodstained altar of Trog.
   357 | D        | Noticed a human
   357 | D        | Noticed a human
   367 | D        | Slain by a human

Action                   |  1- 3 |  4- 6 || total
-------------------------+-------+-------++-------
Melee: Dagger            |    18 |     8 ||    26
  Use: Potion            |     2 |     1 ||     3
 Stab: Sleeping          |     3 |       ||     3
